 Dungeon Crawl Stone Soup version 0.20-a0-550-gf70bbbc (console) character file.

9058 nht the Impaler (level 11, 0/80 HPs)
             Began as a Merfolk Berserker on Feb 2, 2017.
             Was a High Priest of Trog.
             Slain by an unseen horror (4 damage)
             ... on level 11 of the Dungeon.
             The game lasted 00:15:51 (10413 turns).

nht the Impaler (Merfolk Berserker)                Turns: 10413, Time: 00:15:51

Health: 0/80       AC:  7    Str: 27    XL:     11   Next: 40%
Magic:  11/11      EV: 14    Int:  7    God:    Trog [*****.]
Gold:   797        SH:  0    Dex: 11    Spells: 10/10 levels left

rFire    . . .     SeeInvis .   K - +3 glaive {freeze, rElec rPois MR+ Stlth-}
rCold    + + .     Gourm    .   y - +3 leather armour
rNeg     . . .     Faith    .   (shield currently unavailable)
rPois    +         Spirit   .   (no helmet)
rElec    +         Reflect  .   (no cloak)
rCorr    .         Harm     .   r - +0 pair of gloves of Oseulu Rewk {rC++ Str+9 Dex-5}
MR       ++++.                  (no boots)
Stlth    ..........             (no amulet)
Regen    1.3/turn               f - ring of protection from magic
                                G - ring of poison resistance

@: regenerating
A: change form in water, swift swim, stealthy swim
a: Berserk, Trog's Hand, Brothers in Arms, Burn Spellbooks, Renounce Religion


You were on level 11 of the Dungeon.
You worshipped Trog.
Trog was extremely pleased with you.
You were hungry.

You visited 1 branch of the dungeon, and saw 11 of its levels.
You also visited: Sewer.

You collected 797 gold pieces.

Inventory:

Hand Weapons
 a - a +0 spear
 n - a +0 trident
 t - a +0 blowgun
 v - a +1 halberd
 H - the cursed +3 war axe "Laisan" {flame, rElec Int+3 SInv Stlth-, unknown}
   (You found it on level 6 of the Dungeon)

   It has been specially enchanted to burn those struck by it, causing extra
   injury to most foes and up to half again as much damage against particularly
   susceptible opponents.
   Big, fiery blades are also staple armaments of hydra-hunters.
   It affects your intelligence (+3).
   It insulates you from electricity.
   It lets you see invisible.
   It makes you less stealthy.
   It has a curse placed upon it.
 J - a +3 antimagic glaive
 K - the +3 glaive of the Mind (weapon) {freeze, rElec rPois MR+ Stlth-}
   (You found it on level 7 of the Dungeon)

   It has been specially enchanted to freeze those struck by it, causing extra
   injury to most foes and up to half again as much damage against particularly
   susceptible opponents.
   It can also slow down cold-blooded creatures.
   It insulates you from electricity.
   It protects you from poison.
   It affects your resistance to hostile enchantments.
   It makes you less stealthy.
Missiles
 b - a throwing net
 s - 52 poisoned needles
 z - 6 javelins of returning
 C - 4 curare-tipped needles
 D - 27 tomahawks (quivered)
Armour
 r - the +0 pair of gloves of Oseulu Rewk (worn) {rC++ Str+9 Dex-5}
   (You acquired it on level 7 of the Dungeon)

   It affects your strength (+9).
   It affects your dexterity (-5).
   It greatly protects you from cold.
 y - a +3 leather armour (worn)
Jewellery
 f - a ring of protection from magic (right hand)
 G - a ring of poison resistance (left hand)
Wands
 h - a wand of random effects (24/48)
 m - a wand of paralysis (5/24)
 O - a wand of lightning (9/15)
 Q - a wand of digging (8/24)
Scrolls
 d - 6 scrolls of teleportation
 e - 8 scrolls of remove curse
 g - 3 scrolls of enchant weapon
 j - a scroll of blinking
 l - a scroll of enchant armour
 L - a scroll of fog
 P - a scroll of fear
Potions
 i - a potion of haste
 k - 3 potions of agility
 o - 2 potions of brilliance
 p - 5 potions of lignification {unknown}
 q - 5 potions of curing
 u - 5 potions of heal wounds {unknown}
 w - 2 potions of berserk rage {unknown}
 x - 2 potions of ambrosia {unknown}
 A - 2 potions of cancellation {unknown}
 B - 3 potions of cure mutation {unknown}
 E - a potion of might
 N - a potion of invisibility
Comestibles
 c - 8 bread rations
 F - 4 meat rations
 I - 7 royal jellies
 M - 7 fruits
 R - 5 chunks of flesh


   Skills:
 + Level 5.4 Fighting
 - Level 20.0 Polearms
 * Level 5.8 Throwing
 - Level 1.3 Armour
 + Level 6.1 Dodging


You had 10 spell levels left.
You didn't know any spells.

Dungeon Overview and Level Annotations

Branches:
Dungeon (11/15)            Temple (0/1) D:7            Lair (0/6) D:9
    Orc (0/2) D:10

Altars:
Ashenzari
Dithmenos
Gozag
Kikubaaqudgha
Makhleb
Ru
Sif Muna
Trog
Uskayaw
Vehumet
Xom
Yredelemnul
Zin

Shops:
D:5 [


Message History

You hit something. You freeze something. Something hits you.
Something hits you! Something hits you! Something completely misses you.
Something hits you!
* * * LOW HITPOINT WARNING * * *
Something hits you but does no damage. Something hits you!
* * * LOW HITPOINT WARNING * * *
Some of the chunks of flesh in your inventory have rotted away.
Okay, then.
Your skin crawls.
You feel resistant to hostile enchantments.
You are feeling hungry.
Something hits you.
* * * LOW HITPOINT WARNING * * *
Something hits you.
* * * LOW HITPOINT WARNING * * *
Something hits you.
You die...

█.> █.█ █.. ███.███.█
███..████ █..<....█
█.......█ █.█........ █
█.█)█ █.███████.█ █.
█.█.███.█
█..███..█)██.██
███......███....█
........█.█@██..█████..
███████.██.███.........
█.██.█ ██.█████..
..██.█ █.█ .....█ █.█
...███████.███ █ ██.█
███.....███.██.█ █%█
█...███........█ ███.█.
█.........


There were no monsters in sight!

Vanquished Creatures
  2 two-headed ogres
  The ghost of Duskembrace the Martial Artist, a novice DsMo of Okawaru (D:7)
  Psyche (D:10)
  2 hippogriffs
  5 yaks
  A human (D:11)
  A wyvern (D:9)
  3 hogs (D:11)
  A hungry ghost (D:10)
  4 water moccasins
  A black bear (D:3)
  3 ice beasts
  3 orc warriors
  2 phantoms (D:8)
  An eye of draining (D:10)
  2 sky beasts
  2 ogres
  A necrophage (D:5)
  A centaur (D:9)
  Blork the orc (D:4)
  A big kobold (D:7)
  7 bullfrogs
  A wyvern zombie (D:8)
  3 scorpions
  14 wights
  A howler monkey (D:8)
  2 crimson imps
  2 bullfrog zombies
  A quasit (D:9)
  10 hounds
  3 jellies
  8 orc priests
  2 centaur skeletons
  An iguana (D:10)
  A bullfrog skeleton (D:10)
  Ijyb (D:3)
  Terence (D:2)
  12 orc wizards
  5 worker ants
  A killer bee zombie (D:9)
  A howler monkey zombie (D:9)
  3 gnolls (D:3)
  14 adders
  A shadow imp (D:5)
  10 oozes (Sewer)
  An adder skeleton (D:5)
  7 worms
  A dart slug (D:2)
  12 leopard geckos
  51 orcs
  7 bats
  11 giant cockroaches
  11 goblins
  8 hobgoblins
  9 jackals
  3 quokkas
  15 ball pythons
  19 frilled lizards
  11 kobolds
  A quokka skeleton (D:4)
  13 rats
324 creatures vanquished.

Vanquished Creatures (others)
  3 plants (D:3)
3 creatures vanquished.

Grand Total: 327 creatures vanquished

Notes
Turn   | Place    | Note
-------+----------+-------------------------------------------
     0 | D:1      | nht the Merfolk Berserker began the quest for the Orb.
     0 | D:1      | Reached XP level 1. HP: 18/18 MP: 1/1
   135 | D:1      | Reached skill level 5 in Polearms
   154 | D:1      | Reached XP level 2. HP: 24/24 MP: 2/2
   643 | D:1      | Reached XP level 3. HP: 28/29 MP: 3/3
   658 | D:1      | Reached skill level 6 in Polearms
  1153 | D:2      | Reached ** piety under Trog
  1273 | D:2      | Reached XP level 4. HP: 19/35 MP: 4/4
  1312 | D:2      | Reached skill level 7 in Polearms
  1703 | D:2      | Noticed Terence
  1712 | D:2      | Killed Terence
  2108 | D:3      | Noticed a black bear
  2121 | D:3      | Killed a black bear
  2121 | D:3      | Reached skill level 9 in Polearms
  2121 | D:3      | Reached XP level 5. HP: 41/41 MP: 5/5
  2312 | D:3      | Reached XP level 6. HP: 18/47 MP: 6/6
  2371 | D:3      | Found a glowing drain.
  2425 | Sewer    | Entered a sewer
  2719 | Sewer    | Reached skill level 10 in Polearms
  2735 | Sewer    | Reached *** piety under Trog
  2946 | Sewer    | Reached XP level 7. HP: 33/52 MP: 7/7
  2955 | Sewer    | Reached skill level 11 in Polearms
  3295 | D:3      | Reached **** piety under Trog
  3318 | D:3      | Found an opulent altar of Gozag.
  3319 | D:3      | Noticed Ijyb
  3331 | D:3      | Killed Ijyb
  3395 | D:3      | Found a radiant altar of Vehumet.
  3398 | D:3      | Found a deep blue altar of Sif Muna.
  3404 | D:3      | Found an ancient bone altar of Kikubaaqudgha.
  3406 | D:3      | Identified Kikubaaqudgha's Collected Works on Darkness
  3643 | D:4      | Noticed Blork the orc
  3659 | D:4      | Killed Blork the orc
  3775 | D:4      | Reached skill level 12 in Polearms
  4312 | D:4      | Found a faded altar of an unknown god.
  4312 | D:4      | Found a hide-covered altar of Uskayaw.
  4317 | D:4      | Found a glowing silver altar of Zin.
  4319 | D:4      | Found a sacrificial altar of Ru.
  4320 | D:4      | Found a faded altar of an unknown god.
  4360 | D:4      | Reached XP level 8. HP: 58/58 MP: 8/8
  4424 | D:5      | Entered Level 5 of the Dungeon
  4576 | D:5      | Found a basalt altar of Yredelemnul.
  4853 | D:5      | Reached skill level 13 in Polearms
  4922 | D:5      | Found a shimmering altar of Xom.
  5038 | D:5      | Noticed a hippogriff
  5163 | D:5      | Killed a hippogriff
  5163 | D:5      | Reached skill level 14 in Polearms
  5245 | D:5      | Found Sasauff's Armour Emporium.
  5612 | D:6      | Reached skill level 15 in Polearms
  5685 | D:6      | Found a glowing silver altar of Zin.
  5788 | D:6      | Reached XP level 9. HP: 64/64 MP: 9/9
  5950 | D:6      | Noticed a moth of wrath
  5953 | D:6      | Found a bloodstained altar of Trog.
  5985 | D:6      | Reached ***** piety under Trog
  6000 | D:6      | Got a translucent war axe
  6345 | D:7      | Got a crude glaive
  6346 | D:7      | Identified the +3 glaive of the Mind {freeze, rElec rPois MR+ Stlth-} (You found it on level 7 of the Dungeon)
  6452 | D:7      | Noticed Duskembrace's ghost (novice DsMo)
  6469 | D:7      | Killed Duskembrace's ghost
  6469 | D:7      | Reached skill level 16 in Polearms
  6799 | D:7      | Identified a scroll of acquirement
  6800 | D:7      | Got a pair of shimmering gloves
  6824 | D:7      | Identified the +0 pair of gloves of Oseulu Rewk {rC++ Str+9 Dex-5} (You acquired it on level 7 of the Dungeon)
  6916 | D:7      | Found a burning altar of Makhleb.
  6921 | D:7      | Reached skill level 17 in Polearms
  6963 | D:7      | Found a staircase to the Ecumenical Temple.
  7017 | D:7      | Received a gift from Trog
  7631 | D:8      | Reached skill level 18 in Polearms
  7645 | D:8      | Noticed a two-headed ogre
  7654 | D:8      | Killed a two-headed ogre
  7654 | D:8      | Reached XP level 10. HP: 70/70 MP: 10/10
  7766 | D:8      | Reached skill level 19 in Polearms
  7862 | D:8      | Found a shadowy altar of Dithmenos.
  7914 | D:8      | Found a shattered altar of Ashenzari.
  8353 | D:9      | Found a staircase to the Lair.
  8910 | D:10     | Entered Level 10 of the Dungeon
  9080 | D:10     | Reached skill level 20 in Polearms
  9109 | D:10     | Reached skill level 1 in Throwing
  9391 | D:10     | Found a staircase to the Orcish Mines.
  9421 | D:10     | Noticed Psyche
  9425 | D:10     | Killed Psyche
  9576 | D:10     | Reached XP level 11. HP: 61/78 MP: 11/11
  9692 | D:10     | You fall through a shaft!
  9732 | D:11     | Reached skill level 5 in Dodging
  9735 | D:11     | Reached skill level 5 in Fighting
  9912 | D:10     | Reached skill level 5 in Throwing
  9964 | D:10     | Noticed a two-headed ogre
  9971 | D:10     | Killed a two-headed ogre
  9974 | D:10     | Received a gift from Trog
 10386 | D:11     | Noticed a seven-headed hydra
 10413 | D:11     | HP: 4/80 [something (5)]
 10413 | D:11     | Slain by an unseen horror

Vault maps used:
D:1:      zelgadis_glass_arrival_large
D:2:      minmay_split_cup_small, uniq_terence
D:3:      grunt_temple_overflow_magic_moments,
          nicolae_gozag_cash_rules_everything_around_me, portal_sewer_entry_a,
          st_stairs_14, serial_bayou_pond_c, uniq_iyjb
D:4:      chequers_temple_overflow_minitemple, first_bread, uniq_blork_the_orc
D:5:      lemuel_crystal_altar, old_standard_altar, serial_shops,
          nicolae_shop_statue_plus, glass_columns_b
D:6:      basic_altar, tgw_trog
D:7:      nicolae_overflow_crystal_walls, minmay_temple_entry_statues,
          minmay_misc_feat_secret_circle
D:8:      kennysheep_mini, grunt_dithmenos_shadows
D:9:      dpeg_oklobed_lair
D:10:     hiddenorc1_lemuel, uniq_psyche
D:11:     grunt_livestock
Sewer:    sewer_frog_island_02

Skill      XL: |  1  2  3  4  5  6  7  8  9 10 11 |
---------------+----------------------------------+-----
Polearms       | 5 6 9 10 12 15 18 20 | 20.0
Dodging        | 4 6 |  6.1
Throwing       | 3 5 |  5.8
Fighting       | 4 5 |  5.4
Armour         | |  1.3

Action                   |  1- 3 |  4- 6 |  7- 9 | 10-12 || total
-------------------------+-------+-------+-------+-------++-------
Melee: Spear             |   131 |   311 |   214 |       ||   656
       Tailslap          |       |    19 |     3 |       ||    22
       Trident           |       |       |   136 |       ||   136
       Halberd           |       |       |    30 |       ||    30
       Glaive            |       |       |    86 |   281 ||   367
Throw: Tomahawk          |       |       |       |     2 ||     2
Invok: Berserk           |     2 |     4 |     8 |     4 ||    18
       Burn Spellbooks   |       |       |     1 |       ||     1
       Trog's Hand       |       |       |       |     2 ||     2
  Use: Scroll            |       |     1 |    15 |     6 ||    22
 Stab: Sleeping          |     1 |     4 |     5 |       ||    10
  Eat: Chunk             |     3 |     9 |    21 |    14 ||    47
Armor: Animal skin       |     9 |    36 |     5 |       ||    50
       Leather armour    |       |       |    43 |    31 ||    74
Dodge: Dodged            |    50 |   115 |   150 |   102 ||   417
